Workbook
Name a: [1]Hoja2!$G$15:$I$39
Name El_riesgo_se_ha_materializado: MONITOREO!$N$11
Name monitoreo: LookupTable!$I$2:$I$3
Name zona_riesgo: [2]Hoja2!$G$15:$I$39

Sheet LookupTable
A1: clase | B1: fuente | C1: etapa | D1: tipo | E1: probabilidad | F1: impacto | G1: valoración | H1: Responsable | I1: Monitoreo
A2: general | B2: interna | C2: planeación | D2: Económicos | E2: casi cierto | F2: catastrófico | G2: riesgo bajo | H2: Corabastos | I2: Sí
A3: específico | B3: externa | C3: precontractual | D3: Comercial | E3: probable | F3: mayor | G3: riesgo moderado | H3: Contratista | I3: No
C4: contractual | D4: Tecnológicos e Infraestructura pública | E4: posible | F4: moderado | G4: riesgo alto | H4: Corabastos / Contratista
C5: liquidación | D5: Sociales y Políticos | E5: improbable | F5: menor | G5: riesgo extremo
C6: liquidación | D6: Sociales y Políticos | E6: improbable | F6: menor
C7: liquidación | D7: Sociales y Políticos | E7: improbable | F7: menor
D8: Actos de la naturaleza | E8: raro | F8: insignificante
D9: Hecho de las cosas
D10: Operacionales
D11: Financieros
D12: Regulatorios y Acciones Legales
D13: Reputacional
D14: Corrupción y Fraudes

Sheet MATRIZ
A1: MATRIZ DE RIESGO CONTRACTUALES
A2: GESTION CONTRACTUAL
A4: CLASIFICACIÓN DE LA INFORMACIÓN | G4: PÚBLICA | N4: CLASIFICADA | Q4: RESERVADA
A6: Este es un documento controlado; una vez se descargue o se imprima se considera NO CONTROLADO
A7: Identificación | K7: Estimación del riesgo sin tratamientos | P7: Tratamiento | S7: Estimación del riesgo con tratamientos propuestos | X7: Monitoreo y revisión
A9: N° | B9: Proceso Contractual | C9: Fecha de identificación | D9: Descripción del Riesgo | E9: ¿Cuál puede ser la causa, el origen, o fuente del riesgo? | F9: ¿Cuáles pueden ser los efectos o consecuencias de la ocurrencia del riesgo? | G9: Clase | H9: Fuente | I9: Etapa | J9: Tipo | K9: Probabilidad | L9: Impacto | M9: Valoración | N9: Categoría | O9: Responsable del Riesgo | P9: Tratamiento / Control a ser implementado | Q9: ¿Cuándo se inicia el tratamiento? | R9: ¿Cuándo se completa el tratamiento? | S9: Probabilidad | T9: Impacto | U9: Valoración luego del tratamiento | V9: Categoría | W9: Responsable del Tratamiento | X9: ¿Cómo se realiza el monitoreo? | Y9: Periodicidad
A10: =+ROW()-9 -> 1 | B10: Vigilancia | C10: 46143 | D10: Cambios en la normativa que modifiquen o imponga nuevas obligaciones tributarias al contratista. Siempre y cuando las mismas afecten significativamente y negativamente las cargas económicas del contrato | E10: Reforma tributaria, nuevas leyes que impongan impuestos al sector | F10: - Cargas adicionales a las previstas, que puede afectar a nivel económico y operacional en la ejecución del contrato. -Variación significativa del valor del insumo o servicio prestado. | G10: general | H10: interna | I10: contractual | J10: Regulatorios y Acciones Legales | K10: 1 | L10: 5 | M10: 5 | N10: =IF(M10<=3,"Bajo",IF(M10=4,"Moderado",IF(M10=5,"Moderado",IF(M10=6,"Moderado",IF(M10=7,"Alto",IF(M10=8,"Alto",IF(M10=9,"Alto",IF(M10=10,"Alto",IF(M10=11,"Alto",IF(M10=12,"Alto",IF(M10>=15,"Extremo"))))))))))) -> Moderado | O10: Corabastos / Contratista | P10: Seguimiento permanente por parte de la supervisión a las nuevas regulaciones en temas de impuestos y aranceles del país. Agotar los procedimientos establecidos en la ley y que procedan frente a los casos de aumento negativo de las cargas económicas del contrato regido por el derecho privado. | Q10: Desde el inicio de la ejecución contrato | R10: Hasta finalizar la ejecución del contrato | S10: 1 | T10: 1 | U10: 1 | V10: =IF(U10<=3,"Bajo",IF(U10=4,"Moderado",IF(U10=5,"Moderado",IF(U10=6,"Moderado",IF(U10=7,"Alto",IF(U10=8,"Alto",IF(U10=9,"Alto",IF(U10=10,"Alto",IF(U10=11,"Alto",IF(U10=12,"Alto",IF(U10>=15,"Extremo"))))))))))) -> Bajo | W10: Corabastos | X10: Seguimiento de la normativa durante la ejecución del contrato | Y10: Mensual
A11: =+ROW()-9 -> 2 | B11: Vigilancia | C11: 46143 | D11: Cambios en la normatividad propia del sector | E11: Modificación de las tarifas establecidas por parte de la Superintedencia de Vigilancia y Seguridad Privada | F11: Aumento en las tarifas del servicio, cambios tributarios, cambios para prestar los servicios | G11: específico | H11: externa | I11: contractual | J11: Regulatorios y Acciones Legales | K11: 3 | L11: 4 | M11: 12 | N11: =IF(M11<=3,"Bajo",IF(M11=4,"Moderado",IF(M11=5,"Moderado",IF(M11=6,"Moderado",IF(M11=7,"Alto",IF(M11=8,"Alto",IF(M11=9,"Alto",IF(M11=10,"Alto",IF(M11=11,"Alto",IF(M11=12,"Alto",IF(M11>=15,"Extremo"))))))))))) -> Alto | O11: Corabastos | P11: Seguimiento a la normatividad del sector. Considerar para los servicios un presupuesto para incrementos estimados e imprevistos. | Q11: Desde el inicio de la ejecución contrato | R11: Hasta finalizar la ejecución del contrato | S11: 2 | T11: 1 | U11: =+Table1[[#This Row],[Probabilidad ]]+Table1[[#This Row],[Impacto ]] -> 3 | V11: =IF(U11<=3,"Bajo",IF(U11=4,"Moderado",IF(U11=5,"Moderado",IF(U11=6,"Moderado",IF(U11=7,"Alto",IF(U11=8,"Alto",IF(U11=9,"Alto",IF(U11=10,"Alto",IF(U11=11,"Alto",IF(U11=12,"Alto",IF(U11>=15,"Extremo"))))))))))) -> Bajo | W11: Corabastos | X11: Seguimiento de la normativa durante la ejecución del contrato | Y11: Mensual
A12: =+ROW()-9 -> 3 | B12: Vigilancia | C12: 46143 | D12: Alteraciones al Orden público, huelgas, asonada, manifestaciones que no permitan el desarrollo de las actividades del contrato | E12: - Bloqueo e imposibilidad de acceso a las instalaciones de Corabastos - Alteraciones a la Seguridad pública. | F12: - Cese de actividades. - Demoras en la ejecución de las actividades pactadas contractualmente | G12: general | H12: externa | I12: contractual | J12: Sociales y Políticos | K12: 5 | L12: 4 | M12: =+Table1[[#This Row],[Probabilidad]]*Table1[[#This Row],[Impacto]] -> 20 | N12: =IF(M12<=3,"Bajo",IF(M12=4,"Moderado",IF(M12=5,"Moderado",IF(M12=6,"Moderado",IF(M12=7,"Alto",IF(M12=8,"Alto",IF(M12=9,"Alto",IF(M12=10,"Alto",IF(M12=11,"Alto",IF(M12=12,"Alto",IF(M12>=15,"Extremo"))))))))))) -> Extremo | O12: Corabastos / Contratista | P12: - Elaboración de un plan de contingencia por el contratista y aprobado por la supervisión. - Revisión por las partes de las situaciones acaecidas y ejecución de las alternativas para la mitigación del riesgo. | Q12: Desde el inicio de la ejecución contrato | R12: Hasta finalizar la ejecución del contrato | S12: 1 | T12: 2 | U12: =+Table1[[#This Row],[Probabilidad ]]+Table1[[#This Row],[Impacto ]] -> 3 | V12: =IF(U12<=3,"Bajo",IF(U12=4,"Moderado",IF(U12=5,"Moderado",IF(U12=6,"Moderado",IF(U12=7,"Alto",IF(U12=8,"Alto",IF(U12=9,"Alto",IF(U12=10,"Alto",IF(U12=11,"Alto",IF(U12=12,"Alto",IF(U12>=15,"Extremo"))))))))))) -> Bajo | W12: Corabastos | X12: Seguimiento permanente al cumplimiento del plan de contingencias entregado por el contratista y aprobado por el supervisor. | Y12: Mensual
A13: =+ROW()-9 -> 4 | B13: Vigilancia | C13: 46143 | D13: Deficiencias en la calidad de los bienes o servicios entregados por el contratista. | E13: Deficiencias técnicas de los medios tecnológicos suministrados por el contratista | F13: Retrasos en el cumplimiento con las condiciones pactadas. | G13: específico | H13: interna | I13: contractual | J13: Operacionales | K13: 3 | L13: 3 | M13: =+Table1[[#This Row],[Probabilidad]]*Table1[[#This Row],[Impacto]] -> 9 | N13: =IF(M13<=3,"Bajo",IF(M13=4,"Moderado",IF(M13=5,"Moderado",IF(M13=6,"Moderado",IF(M13=7,"Alto",IF(M13=8,"Alto",IF(M13=9,"Alto",IF(M13=10,"Alto",IF(M13=11,"Alto",IF(M13=12,"Alto",IF(M13>=15,"Extremo"))))))))))) -> Alto | O13: Contratista | P13: Seguimiento permanente por parte de la supervisión en el funcionamiento y calidad de los medios tecnológicos suministratods por el contratista | Q13: Desde el inicio de la ejecución contrato | R13: Hasta finalizar la ejecución del contrato | S13: 1 | T13: 1 | U13: =+Table1[[#This Row],[Probabilidad ]]+Table1[[#This Row],[Impacto ]] -> 2 | V13: =IF(U13<=3,"Bajo",IF(U13=4,"Moderado",IF(U13=5,"Moderado",IF(U13=6,"Moderado",IF(U13=7,"Alto",IF(U13=8,"Alto",IF(U13=9,"Alto",IF(U13=10,"Alto",IF(U13=11,"Alto",IF(U13=12,"Alto",IF(U13>=15,"Extremo"))))))))))) -> Bajo | W13: Corabastos | X13: Seguimiento durante la ejecución del contrato | Y13: Permanente
A14: =+ROW()-9 -> 5 | B14: Vigilancia | C14: 46143 | D14: Falla en el protocolo de administración y control de armamento o distintivos | E14: Inadecuada utilización de elementos e implementos del servicio por parte del personal del proveedor. | F14: (i) Ingreso sin autorización de armas de fuego a la corporación que pongan en riesgo la seguridad de los colaboradores. (ii) Uso de armas de fuego por personal distinto al establecido para puertas y bancos. (iii) Suicidio del personal del contratista con arma de dotación | G14: específico | H14: interna | I14: contractual | J14: Operacionales | K14: 1 | L14: 3 | M14: =+Table1[[#This Row],[Probabilidad]]*Table1[[#This Row],[Impacto]] -> 3 | N14: =IF(M14<=3,"Bajo",IF(M14=4,"Moderado",IF(M14=5,"Moderado",IF(M14=6,"Moderado",IF(M14=7,"Alto",IF(M14=8,"Alto",IF(M14=9,"Alto",IF(M14=10,"Alto",IF(M14=11,"Alto",IF(M14=12,"Alto",IF(M14>=15,"Extremo"))))))))))) -> Bajo | O14: Contratista | P14: (i) Mediante la supervisión del contrato. (ii) Verificación del proveedor para hacer uso de la póliza de responsabilidad civil extracontractual. | Q14: Desde el inicio de la ejecución contrato | R14: Hasta finalizar la ejecución del contrato | S14: 2 | T14: 1 | U14: 3 | V14: =IF(U14<=3,"Bajo",IF(U14=4,"Moderado",IF(U14=5,"Moderado",IF(U14=6,"Moderado",IF(U14=7,"Alto",IF(U14=8,"Alto",IF(U14=9,"Alto",IF(U14=10,"Alto",IF(U14=11,"Alto",IF(U14=12,"Alto",IF(U14>=15,"Extremo"))))))))))) -> Bajo | W14: Contratista | X14: Mediante la supervisión del contrato | Y14: Permanente
A15: =+ROW()-9 -> 6 | B15: Vigilancia | C15: 46143 | D15: Incumplimiento del Proveedor en el pago de salarios y prestaciones sociales a su personal. | E15: No reconocimiento de salarios y prestaciones sociales al personal de servicio dispuesto por el proveedor. | F15: (i) No cubrimiento de la necesidad de Servicio de vigilancia de la Corporación. (ii) Demandas a la Corporación | G15: específico | H15: externa | I15: contractual | J15: Operacionales | K15: 1 | L15: 3 | M15: =+Table1[[#This Row],[Probabilidad]]*Table1[[#This Row],[Impacto]] -> 3 | N15: =IF(M15<=3,"Bajo",IF(M15=4,"Moderado",IF(M15=5,"Moderado",IF(M15=6,"Moderado",IF(M15=7,"Alto",IF(M15=8,"Alto",IF(M15=9,"Alto",IF(M15=10,"Alto",IF(M15=11,"Alto",IF(M15=12,"Alto",IF(M15>=15,"Extremo"))))))))))) -> Bajo | O15: Contratista | P15: (i) Estipulación contractual que obligue al Proveedor a entregar al supervisor del contrato, el soporte de pago de los salarios y prestaciones sociales. | Q15: Desde el inicio de la ejecución contrato | R15: Hasta finalizar la ejecución del contrato | S15: 1 | T15: 4 | U15: =+Table1[[#This Row],[Probabilidad ]]+Table1[[#This Row],[Impacto ]] -> 5 | V15: =IF(U15<=3,"Bajo",IF(U15=4,"Moderado",IF(U15=5,"Moderado",IF(U15=6,"Moderado",IF(U15=7,"Alto",IF(U15=8,"Alto",IF(U15=9,"Alto",IF(U15=10,"Alto",IF(U15=11,"Alto",IF(U15=12,"Alto",IF(U15>=15,"Extremo"))))))))))) -> Moderado | W15: Corabastos / Contratista | X15: (i) Revisión por parte del supervisor de la Corporacion, del cumplimiento de los requisitos para pago al Proveedor. | Y15: Permanente
A17: Este es un documento controlado; una vez se descargue o se imprima se considera NO CONTROLADO

Sheet MONITOREO
B1: MONITOREO A RIESGOS EN PROCESOS CONTRACTUALES
B2: GESTIÓN CONTRACTUAL
A4: CLASIFICACIÓN DE LA INFORMACIÓN | G4: PÚBLICA | L4: CLASIFICADA | P4: RESERVADA
A6: Este es un documento controlado; una vez se descargue o se imprima se considera NO CONTROLADO
B8: MONITOREO Y REVISIÓN | J8: EFICACIA | N8: EFECTIVIDAD
B9: Proceso Contractual | C9: Fecha de identificación | D9: Tratamiento / Control a ser implementado | E9: ¿Cuándo se inicia el tratamiento? | F9: ¿Cuándo se completa el tratamiento? | G9: ¿Cómo se realiza el monitoreo? | H9: Periodicidad | J9: Total de las acciones cumplidas | K9: Total de acciones definidas para cumplir en el período | L9: Resultado de cumplimiento | N9: El riesgo se ha materializado | O9: Resultado de cumplimiento
B11: =MATRIZ!B10 -> Vigilancia | C11: =MATRIZ!C10 -> 46143 | D11: =MATRIZ!P10 -> Seguimiento permanente por parte de la supervisión a las nuevas regulaciones en temas de impuestos y aranceles del país. Agotar los procedimientos establecidos en la ley y que procedan frente a los casos de aumento negativo de las cargas económicas del contrato regido por el derecho privado. | E11: =MATRIZ!Q10 -> Desde el inicio de la ejecución contrato | F11: =MATRIZ!R10 -> Hasta finalizar la ejecución del contrato | G11: =MATRIZ!X10 -> Seguimiento de la normativa durante la ejecución del contrato | H11: =MATRIZ!Y10 -> Mensual | L11: =IFERROR(J11/K11,"") | O11: =IF(N11="Sí",0%,IF(N11="No",100%,""))
B12: =MATRIZ!B11 -> Vigilancia | C12: =MATRIZ!C11 -> 46143 | D12: =MATRIZ!P11 -> Seguimiento a la normatividad del sector. Considerar para los servicios un presupuesto para incrementos estimados e imprevistos. | E12: =MATRIZ!Q11 -> Desde el inicio de la ejecución contrato | F12: =MATRIZ!R11 -> Hasta finalizar la ejecución del contrato | G12: =MATRIZ!X11 -> Seguimiento de la normativa durante la ejecución del contrato | H12: =MATRIZ!Y11 -> Mensual | L12: =IFERROR(J12/K12,"") | O12: =IF(N12="Sí",0%,IF(N12="No",100%,""))
B13: =MATRIZ!B12 -> Vigilancia | C13: =MATRIZ!C12 -> 46143 | D13: =MATRIZ!P12 -> - Elaboración de un plan de contingencia por el contratista y aprobado por la supervisión. - Revisión por las partes de las situaciones acaecidas y ejecución de las alternativas para la mitigación del riesgo. | E13: =MATRIZ!Q12 -> Desde el inicio de la ejecución contrato | F13: =MATRIZ!R12 -> Hasta finalizar la ejecución del contrato | G13: =MATRIZ!X12 -> Seguimiento permanente al cumplimiento del plan de contingencias entregado por el contratista y aprobado por el supervisor. | H13: =MATRIZ!Y12 -> Mensual | L13: =IFERROR(J13/K13,"") | O13: =IF(N13="Sí",0%,IF(N13="No",100%,""))
B14: =MATRIZ!B13 -> Vigilancia | C14: =MATRIZ!C13 -> 46143 | D14: =MATRIZ!P13 -> Seguimiento permanente por parte de la supervisión en el funcionamiento y calidad de los medios tecnológicos suministratods por el contratista | E14: =MATRIZ!Q13 -> Desde el inicio de la ejecución contrato | F14: =MATRIZ!R13 -> Hasta finalizar la ejecución del contrato | G14: =MATRIZ!X13 -> Seguimiento durante la ejecución del contrato | H14: =MATRIZ!Y13 -> Permanente | L14: =IFERROR(J14/K14,"") | O14: =IF(N14="Sí",0%,IF(N14="No",100%,""))
B15: =MATRIZ!B14 -> Vigilancia | C15: =MATRIZ!C14 -> 46143 | D15: =MATRIZ!P14 -> (i) Mediante la supervisión del contrato. (ii) Verificación del proveedor para hacer uso de la póliza de responsabilidad civil extracontractual. | E15: =MATRIZ!Q14 -> Desde el inicio de la ejecución contrato | F15: =MATRIZ!R14 -> Hasta finalizar la ejecución del contrato | G15: =MATRIZ!X14 -> Mediante la supervisión del contrato | H15: =MATRIZ!Y14 -> Permanente | L15: =IFERROR(J15/K15,"") | O15: =IF(N15="Sí",0%,IF(N15="No",100%,""))
B16: =MATRIZ!B15 -> Vigilancia | C16: =MATRIZ!C15 -> 46143 | D16: =MATRIZ!P15 -> (i) Estipulación contractual que obligue al Proveedor a entregar al supervisor del contrato, el soporte de pago de los salarios y prestaciones sociales. | E16: =MATRIZ!Q15 -> Desde el inicio de la ejecución contrato | F16: =MATRIZ!R15 -> Hasta finalizar la ejecución del contrato | G16: =MATRIZ!X15 -> (i) Revisión por parte del supervisor de la Corporacion, del cumplimiento de los requisitos para pago al Proveedor. | H16: =MATRIZ!Y15 -> Permanente | L16: =IFERROR(J16/K16,"") | O16: =IF(N16="Sí",0%,IF(N16="No",100%,""))
B17: =MATRIZ!#REF! -> #REF! | C17: =MATRIZ!#REF! -> #REF! | D17: =MATRIZ!#REF! -> #REF! | E17: =MATRIZ!#REF! -> #REF! | F17: =MATRIZ!#REF! -> #REF! | G17: =MATRIZ!#REF! -> #REF! | H17: =MATRIZ!#REF! -> #REF! | L17: =IFERROR(J17/K17,"") | O17: =IF(N17="Sí",0%,IF(N17="No",100%,""))
B18: =MATRIZ!#REF! -> #REF! | C18: =MATRIZ!#REF! -> #REF! | D18: =MATRIZ!#REF! -> #REF! | E18: =MATRIZ!#REF! -> #REF! | F18: =MATRIZ!#REF! -> #REF! | G18: =MATRIZ!#REF! -> #REF! | H18: =MATRIZ!#REF! -> #REF! | L18: =IFERROR(J18/K18,"") | O18: =IF(N18="Sí",0%,IF(N18="No",100%,""))
B19: =MATRIZ!#REF! -> #REF! | C19: =MATRIZ!#REF! -> #REF! | D19: =MATRIZ!#REF! -> #REF! | E19: =MATRIZ!#REF! -> #REF! | F19: =MATRIZ!#REF! -> #REF! | G19: =MATRIZ!#REF! -> #REF! | H19: =MATRIZ!#REF! -> #REF! | L19: =IFERROR(J19/K19,"") | O19: =IF(N19="Sí",0%,IF(N19="No",100%,""))
B20: =MATRIZ!#REF! -> #REF! | C20: =MATRIZ!#REF! -> #REF! | D20: =MATRIZ!#REF! -> #REF! | E20: =MATRIZ!#REF! -> #REF! | F20: =MATRIZ!#REF! -> #REF! | G20: =MATRIZ!#REF! -> #REF! | H20: =MATRIZ!#REF! -> #REF! | L20: =IFERROR(J20/K20,"") | O20: =IF(N20="Sí",0%,IF(N20="No",100%,""))
B21: =MATRIZ!#REF! -> #REF! | C21: =MATRIZ!#REF! -> #REF! | D21: =MATRIZ!#REF! -> #REF! | E21: =MATRIZ!#REF! -> #REF! | F21: =MATRIZ!#REF! -> #REF! | G21: =MATRIZ!#REF! -> #REF! | H21: =MATRIZ!#REF! -> #REF! | L21: =IFERROR(J21/K21,"") | O21: =IF(N21="Sí",0%,IF(N21="No",100%,""))
B22: =MATRIZ!#REF! -> #REF! | C22: =MATRIZ!#REF! -> #REF! | D22: =MATRIZ!#REF! -> #REF! | E22: =MATRIZ!#REF! -> #REF! | F22: =MATRIZ!#REF! -> #REF! | G22: =MATRIZ!#REF! -> #REF! | H22: =MATRIZ!#REF! -> #REF! | L22: =IFERROR(J22/K22,"") | O22: =IF(N22="Sí",0%,IF(N22="No",100%,""))
B23: =MATRIZ!#REF! -> #REF! | C23: =MATRIZ!#REF! -> #REF! | D23: =MATRIZ!#REF! -> #REF! | E23: =MATRIZ!#REF! -> #REF! | F23: =MATRIZ!#REF! -> #REF! | G23: =MATRIZ!#REF! -> #REF! | H23: =MATRIZ!#REF! -> #REF! | L23: =IFERROR(J23/K23,"") | O23: =IF(N23="Sí",0%,IF(N23="No",100%,""))
B24: =MATRIZ!#REF! -> #REF! | C24: =MATRIZ!#REF! -> #REF! | D24: =MATRIZ!#REF! -> #REF! | E24: =MATRIZ!#REF! -> #REF! | F24: =MATRIZ!#REF! -> #REF! | G24: =MATRIZ!#REF! -> #REF! | H24: =MATRIZ!#REF! -> #REF! | L24: =IFERROR(J24/K24,"") | O24: =IF(N24="Sí",0%,IF(N24="No",100%,""))
B25: =MATRIZ!#REF! -> #REF! | C25: =MATRIZ!#REF! -> #REF! | D25: =MATRIZ!#REF! -> #REF! | E25: =MATRIZ!#REF! -> #REF! | F25: =MATRIZ!#REF! -> #REF! | G25: =MATRIZ!#REF! -> #REF! | H25: =MATRIZ!#REF! -> #REF! | L25: =IFERROR(J25/K25,"") | O25: =IF(N25="Sí",0%,IF(N25="No",100%,""))
J26: Promedio | L26: =IFERROR(AVERAGE(L11:L25),"") | N26: Promedio | O26: =IFERROR(AVERAGE(O11:O25),"")
K30: META: | L30: 0.3 | N30: META: | O30: 0.7
K31: ALCANZADO: | L31: =IFERROR((L30*L26)/100%,0) -> 0 | N31: ALCANZADO: | O31: =IFERROR((O30*O26)/100%,0) -> 0
K32: Indice de Gestión de Riesgo Contractual | O32: =IFERROR(ROUND(L31+O31,2),2) -> 0
J34: Gestión De Riesgos contractuales
J35: Cumplió | N35: 90% – 100%
J36: Cumplió parcialmente | N36: 60% – 89%
J37: No Cumplió | N37: 0% – 59%
A40: Este es un documento controlado; una vez se descargue o se imprima se considera NO CONTROLADO
